Map: Traitor's Exile

Players

meowmeowcute - Winner!

  • Race: Zerg Zerg
  • Spawn Location: 9:00

Anzu - Winner!

  • Race: Zerg Zerg
  • Spawn Location: 12:00

VOD

Have the link to the VOD?

Description

Time

  • Played on: Dec. 22, 2017, 3:55 p.m.
  • Length: 23:53
Show
View Real Time Build Order
Export as new Build Order

meowmeowcute Zerg - Winner!

Build Orders:  

Get SALT Encoding   

  12  0:12  Overlord  
  12  0:19  Drone  
  13  0:34  Drone  
  14  1:08  Spawning Pool  
  13  1:25  Evolution Chamber, Drone x3  
  15  1:44  Extractor  
  14  2:27  Queen  
  16  2:35  Drone  
  16  2:36  Drone x2  
  19  3:05  Overlord  
  19  3:11  Drone  
  20  3:38  Roach Warren  
  19  3:56  Lair  
  19  3:57  Drone  
  19  3:58  Drone x2  
  22  4:20  Drone  
  22  4:28  Extractor  
  22  4:44  Drone  
  23  5:15  Roach x3  
  29  5:24  Overlord x2  
  29  5:51  Drone  
  30  6:05  Hatchery  
  29  6:20  Drone  
  29  6:21  Roach  
  32  6:51  Spire  
  31  7:03  Infestation Pit  
  30  7:11  Roach  
  30  7:12  Roach x2  
  30  7:13  Roach  
  38  7:29  Glial Reconstitution  
  28  8:32  Queen  
  28  8:46  Roach x3  
  34  9:11  Mutalisk  
  34  9:12  Mutalisk  
  34  9:13  Mutalisk  
  34  9:14  Roach  
  34  9:19  Tunneling Claws  
  42  9:41  Drone x3  
  45  10:11  Roach x2  
  45  10:14  Mutalisk  
  45  10:17  Overlord x3  
  51  10:28  Zerg Ground Armor Level 1  
  51  10:47  Queen  
  53  11:07  Extractor  
  53  11:09  Drone x5  
  57  11:29  Roach  
  59  11:35  Roach  
  59  11:36  Roach x2  
  65  12:00  Hive, Burrow  
  65  12:09  Roach  
  67  12:32  Extractor, Drone x4  
  67  12:33  Drone  
  71  13:06  Overlord  
  71  13:07  Overlord x2  
  74  14:07  Mutalisk x2  
  74  14:08  Mutalisk  
  87  15:09  Mutalisk  
  83  16:14  Mutalisk x5  
  93  16:45  Mutalisk x2  
  97  16:58  Mutalisk  
  99  17:11  Overlord x3  
  99  17:49  Hatchery  
  56  18:49  Mutalisk x4, Ultralisk Cavern  
  114  18:50  Mutalisk x3  
  67  19:03  Mutalisk x2  
  71  19:27  Mutalisk  
  71  19:28  Mutalisk  
  75  19:38  Extractor  
  75  19:39  Mutalisk  
  76  19:42  Overlord x2  
  76  19:56  Queen  
  76  19:57  Extractor, Drone x2  
  79  20:29  Ultralisk  
  85  20:30  Ultralisk  
  91  20:46  Drone  
  91  20:47  Drone x2  
  94  21:06  Ultralisk  
  100  22:07  Ultralisk  
  100  22:08  Ultralisk x3  
Show
View Real Time Build Order
Export as new Build Order

Anzu Zerg - Winner!

Build Orders:  

Get SALT Encoding   

  12  0:02  Drone  
  13  0:18  Drone  
  14  0:41  Spawning Pool  
  14  0:43  Drone  
  14  0:57  Overlord  
  14  1:12  Evolution Chamber, Drone  
  14  1:28  Drone  
  15  1:30  Drone  
  15  1:39  Drone  
  17  1:49  Spine Crawler, Drone  
  17  1:59  Queen  
  19  2:05  Drone  
  20  2:15  Extractor  
  19  2:23  Extractor  
  19  2:27  Zergling x2  
  19  2:45  Roach Warren, Drone  
  19  2:50  Overlord  
  19  3:06  Drone  
  20  3:32  Drone x2  
  22  3:41  Hatchery  
  21  3:50  Drone x2  
  23  4:19  Drone  
  24  4:20  Drone  
  24  4:22  Overlord  
  25  4:36  Zerg Missile Weapons Level 1  
  25  4:46  Lair  
  25  4:52  Roach x2  
  29  5:05  Roach  
  31  5:27  Queen  
  33  5:49  Roach x3  
  39  5:55  Glial Reconstitution  
  39  6:09  Drone x2  
  41  6:10  Drone  
  42  6:34  Drone  
  42  6:36  Overlord  
  43  6:53  Spire  
  43  6:55  Infestation Pit  
  43  6:57  Drone x2  
  43  7:00  Overlord  
  43  7:08  Drone  
  44  7:15  Extractor  
  38  8:06  Drone  
  38  8:07  Drone x3  
  38  8:09  Zergling x4  
  44  8:10  Zergling x2  
  44  8:15  Roach x2  
  44  8:16  Roach  
  49  8:31  Spine Crawler  
  40  8:51  Zergling x2  
  40  8:52  Zergling x10  
  46  9:00  Extractor  
  45  9:11  Drone  
  46  9:21  Mutalisk x4  
  46  9:22  Mutalisk  
  46  9:26  Overlord  
  56  9:37  Queen  
  58  9:57  Hatchery  
  57  10:03  Drone x3  
  57  10:06  Drone  
  61  10:11  Zergling x2  
  62  10:24  Roach x3  
  68  10:35  Zerg Flyer Weapons Level 1  
  68  10:43  Zerg Missile Weapons Level 2  
  68  10:59  Overlord x2  
  68  11:23  Overlord x2  
  68  11:46  Mutalisk x3  
  68  11:49  Zergling x2  
  72  11:50  Zergling x2  
  75  11:57  Drone x2  
  78  12:03  Metabolic Boost  
  78  12:06  Queen  
  80  12:15  Mutalisk  
  80  12:17  Zergling x2  
  83  12:52  Mutalisk x2  
  83  12:53  Mutalisk  
  89  13:05  Drone x3  
  90  13:31  Extractor  
  90  13:34  Extractor  
  90  13:35  Drone  
  89  13:43  Hydralisk Den  
  60  14:25  Hive  
  60  14:26  Zergling x6  
  63  14:33  Mutalisk x2  
  63  14:34  Mutalisk x5  
  77  14:41  Drone x4  
  81  15:20  Drone x3  
  84  15:48  Mutalisk  
  84  15:49  Mutalisk x2  
  90  15:50  Mutalisk x3  
  96  16:03  Zerg Flyer Weapons Level 2  
  86  17:21  Mutalisk  
  86  17:22  Mutalisk x2  
  86  17:23  Mutalisk  
  92  17:58  Zergling x4  
  94  18:00  Roach x2  
  94  18:01  Roach  
  100  18:10  Roach x3  
  100  18:17  Overlord x2  
  104  19:19  Zerg Flyer Weapons Level 3  
  100  19:49  Mutalisk x4  
  106  19:50  Mutalisk x2  
  108  20:09  Zergling x2  
  109  20:10  Zergling x4  
  109  20:14  Zergling x2  
  109  20:15  Zergling x10  
  109  20:16  Zergling x4  
  97  21:09  Zergling x6  
  100  21:23  Adrenal Overload  
  94  21:57  Mutalisk x3  
  100  22:18  Mutalisk x2, Roach  
  106  22:20  Mutalisk  
  106  22:21  Mutalisk  
  106  22:22  Mutalisk x2  
  111  23:23  Zergling x2  
  111  23:24  Zergling x4  
Tags
 
Add a new tag
Caveats
  • Supply blocks, unpowered buildings, or Contaminate may cause inaccurate times.
  • Supply counts are checked every 10 seconds.